 Dungeon Crawl Stone Soup version 0.29.1-2-gbd0b4ee654 (webtiles) character file.

Game seed: 2818413686200404442

307 GorkyZ the Shield-Bearer (level 6, 0/48 HPs)
             Began as a Formicid Fighter on Nov 22, 2022.
             Was an Initiate of Gozag.
             Slain by an orc wizard
             ... wielding a +0 dagger
              (4 damage)
             ... on level 4 of the Dungeon.
             The game lasted 00:10:30 (4064 turns).

GorkyZ the Shield-Bearer (Formicid Fighter)         Turns: 4064, Time: 00:10:32

Health: 0/48       AC: 11    Str: 22    XL:     6   Next: 68%
Magic:  6/6        EV:  8    Int:  8    God:    Gozag
Gold:   158        SH:  5    Dex: 13    Spells: 5/5 levels left

rFire   . . .      SeeInvis +   a - +0 war axe
rCold   . . .      Faith    .   c - +0 buckler
rNeg    . . .      Spirit   .   k - +0 chain mail
rPois   .          Reflect  .   (helmet unavailable)
rElec   .          Harm     .   u - +1 cloak
rCorr   .          Rampage  .   (no gloves)
Will    +....                   (no boots)
Stlth   ..........              (no amulet)
HPRegen 0.16/turn               l - ring of willpower
MPRegen 0.10/turn               (no ring)

@: no status effects
A: permanent stasis, dig shafts and tunnels, antennae 3, four strong arms
a: Dig, Shaft Self, Renounce Religion, Potion Petition, Call Merchant, Bribe
Branch


You were on level 4 of the Dungeon.
You worshipped Gozag.
Gozag was aware of your devotion.
You visited 2 branches of the dungeon, and saw 5 of its levels.

You collected 252 gold pieces.
You paid 94 gold pieces to Gozag.

Inventory:

Hand Weapons
 a - a +0 war axe (weapon)
 q - a +6 club
 y - a +2 flail of protection
Missiles
 w - 2 boomerangs
 z - 5 javelins
Armour
 b - a +0 scale mail
 c - a +0 buckler (worn)
 k - a +0 chain mail (worn)
 u - a +1 cloak (worn)
Jewellery
 l - a ring of willpower (left hand)
 C - a ring of wizardry
Wands
 r - a wand of flame (18)
 t - a wand of acid (7)
Scrolls
 e - 5 scrolls of noise {unknown}
 f - 3 scrolls of teleportation {unknown}
 i - a scroll of amnesia {unknown}
 m - 4 scrolls of summoning {unknown}
 n - a scroll of immolation {unknown}
 p - 5 scrolls of identify {unknown}
 s - a scroll of magic mapping {unknown}
 A - a scroll of brand weapon {unknown}
Potions
 d - a potion of might
 g - a potion of mutation {unknown}
 h - 5 potions of lignification {unknown}
 j - 2 potions of flight {unknown}
 o - a potion of curing {unknown}
 v - a potion of magic {unknown}
 x - a potion of degeneration {unknown}
 B - a potion of attraction {unknown}


   Skills:
 + Level 4.0 Fighting
 + Level 3.0(3.2) Axes
 + Level 1.6(2.6) Polearms
 + Level 1.9 Throwing
 + Level 4.1 Armour
 + Level 1.7 Dodging
 + Level 4.8 Shields
 + Level 2.2 Evocations


You had 5 spell levels left.
You didn't know any spells.
Your spell library contained the following spells:

 Spells                   Type           Power      Damage    Failure   Level
 Apportation              Tloc           0%         N/A       99%         1
 Beastly Appendage        Tmut           0%         N/A       99%         1
 Necrotise                Necr           0%         1d4       99%         1
 Summon Small Mammal      Summ           0%         N/A       99%         1
 Wereblood                Tmut           0%         N/A       100%        2
 Spider Form              Tmut/Pois      0%         N/A       100%        3
 Summon Ice Beast         Ice/Summ       0%         N/A       100%        4
 Summon Mana Viper        Hex/Summ       0%         N/A       100%        5
 Monstrous Menagerie      Summ           0%         N/A       100%        7


Dungeon Overview and Level Annotations

Branches:
Dungeon (4/15)             Temple (1/1) D:4

Altars:
Ashenzari
Dithmenos
Elyvilon
Gozag
Hepliaklqana
Kikubaaqudgha
Makhleb
Nemelex Xobeh
Okawaru
Sif Muna
Trog
Uskayaw
Vehumet
Wu Jian
Xom
Yredelemnul
Zin
The Shining One

Shops:
D:2 [


Innate Abilities, Weirdness & Mutations

You cannot be hasted, slowed, berserked, paralysed or teleported.
You can dig through walls and to a lower floor.
You have a pair of large antennae on your head. (SInv)
Your four strong arms can wield two-handed weapons with a shield.


Message History

You barely miss the orc. The orc hits you with a +0 flail.
You barely miss the orc.
The orc is distracted by your dazzling golden aura.
The orc hits you with a +0 flail.
* * * LOW HITPOINT WARNING * * *
The orc hits you but does no damage.
You barely miss the orc. The orc hits you but does no damage.
You barely miss the orc. The orc hits you with a +0 flail!
* * * LOW HITPOINT WARNING * * *
The orc closely misses you.
The orc shouts!
You hit the orc.
You kill the orc!
The orc is no longer distracted by gold.
You closely miss the orc wizard.
The orc wizard hits you with a +0 dagger.
* * * LOW HITPOINT WARNING * * *
The orc closely misses you.
You slash the orc wizard!
The orc wizard is heavily wounded.
The orc hits you but does no damage.
The orc wizard hits you but does no damage.
The orc closely misses you. You block the orc wizard's attack.
You hit the orc wizard.
The orc wizard is severely wounded.
The orc wizard barely misses you. The orc hits you but does no damage.
You hit the orc wizard.
The orc wizard is severely wounded.
The orc wizard hits you but does no damage.
The orc hits you but does no damage.
The orc is distracted by your dazzling golden aura.
The orc shouts!
You hit the orc wizard.
The orc wizard is severely wounded.
The orc is no longer distracted by gold.
The orc wizard hits you but does no damage.
The orc barely misses you. The orc hits you but does no damage.
The orc wizard hits you with a +0 dagger.
You die...
Your body crumbles into a pile of gold.

#......### #........#
#####.##.# #.##.##
#.##..## #.)##..#
##..##.##
#..####..#..########.###
#...............@oooo...
..#..###.)....######..##
.##. ##......# ..#
##....#... #.#
.##.#####.. #.##
.##.#### ###
###..##.#.....# $
..............#
####.##.####).##


You could see an orc wizard (invisible) and 3 orcs.

Vanquished Creatures
  Blork the orc (D:4)
  An iguana (D:2)
  Jessica (D:2)
  An orc wizard (D:4)
  Robin (D:2)
  4 adders
  2 worms (D:3)
  5 dart slugs
  14 orcs
  5 bats
  5 endoplasms
  3 giant cockroaches
  11 goblins
  3 hobgoblins
  6 jackals
  11 kobolds
  8 ball pythons
  5 frilled lizards
  4 rats
91 creatures vanquished.

Notes
Turn   | Place    | Note
-------+----------+-------------------------------------------
     0 | D:1      | GorkyZ the Formicid Fighter began the quest for the Orb.
     0 | D:1      | Reached XP level 1. HP: 18/18 MP: 1/1
    51 | D:1      | Found a faded altar of an unknown god.
   152 | D:1      | Reached XP level 2. HP: 24/24 MP: 2/2
   792 | D:1      | Reached XP level 3. HP: 27/29 MP: 3/3
  1332 | D:2      | Reached skill level 1 in Evocations
  1335 | D:2      | Found Vyegun's Antique Armour Boutique.
  1425 | D:2      | Reached skill level 1 in Polearms
  1425 | D:2      | Reached skill level 1 in Throwing
  1425 | D:2      | Reached XP level 4. HP: 19/36 MP: 4/4
  1660 | D:2      | Found a broken altar of Ashenzari.
  1764 | D:2      | Noticed Jessica
  1771 | D:2      | Killed Jessica
  1772 | D:2      | Reached skill level 1 in Dodging
  1772 | D:2      | Reached XP level 5. HP: 33/42 MP: 5/5
  1925 | D:2      | Noticed Robin
  1952 | D:2      | Killed Robin
  3261 | D:3      | Reached XP level 6. HP: 41/48 MP: 6/6
  3711 | D:4      | Found a staircase to the Ecumenical Temple.
  3742 | Temple   | Entered the Ecumenical Temple
  3896 | Temple   | Became a worshipper of Gozag Ym Sagoz the Greedy
  4038 | D:4      | Noticed Blork the orc
  4054 | D:4      | Killed Blork the orc
  4064 | D:4      | Slain by an orc wizard

Illustrated notes

Levels and vault maps discovered:
D:1:      roderic_chinese_lattice_arrival, layout_loops_corners,
          hellmonk_ecumenical_altar_dog_temple
D:2:      layout_basic, basic_altar, serial_shops, nicolae_diamond_shop,
          grunt_ministairs_15, amcnicky_mini_corridor_feature,
          minmay_hexomino_u4, uniq_robin, uniq_jessica
D:3:      layout_basic, kennysheep_generic_room_6
D:4:      layout_rooms, minmay_temple_entry_steel_oval, uniq_blork_the_orc,
          uniq_duvessa, uniq_pargi
Temple:   minmay_temple_bridge_d

Skill      XL: |  1  2  3  4  5  6 |
---------------+-------------------+-----
Evocations     | 1 2 |  2.2
Polearms       | 1 |  1.6
Throwing       | 1 |  1.9
Dodging        | 1 |  1.7
Armour         | 4 |  4.1
Fighting       | 4 |  4.0
Axes           | 3 |  3.0
Shields        | |  4.8

Action                   |  1- 3 |  4- 6 || total
-------------------------+-------+-------++-------
Melee: War axe           |    80 |   199 ||   279
 Abil: Dig               |     1 |       ||     1
Armor: Scale mail        |    27 |       ||    27
       Chain mail        |    16 |   128 ||   144
Dodge: Dodged            |    35 |    97 ||   132
Block: Buckler           |    19 |    53 ||    72
